 Dungeon Crawl Stone Soup version 0.28-a0-465-ge2dae52223 (webtiles) character file.

Game seed: 1875628679381987471

73101 robertstho the Eclecticist (level 15, -9/106 HPs)
             Began as a Djinni Fire Elementalist on Sept 14, 2021.
             Was an Initiate of Gozag.
             Mangled by a dire elephant simulacrum (36 damage)
             ... on level 6 of the Lair of Beasts.
             The game lasted 00:45:05 (28036 turns).

robertstho the Eclecticist (DjFE)                  Turns: 28036, Time: 00:45:06

Health: -9/106     AC: 19    Str: 19    XL:     15   Next: 88%
Gold:   2573       EV: 15    Int: 29    God:    Gozag SH:  5 Dex: 28

rFire   + + +      SeeInvis .   i - +9 short sword of Armageddon {flame, Str+7 Int+4}
rCold   . . .      Faith    .   (no shield)
rNeg    + . .      Spirit   .   O - +7 ring mail "Xoriento" {rN+ Will+ Int+3}
rPois   ∞          Reflect  +   R - +0 helmet {Int+3}
rElec   +          Harm     .   P - +2 cloak "Kuucwos" {rF+ Str+5 Dex+5}
rCorr   .          Rampage  .   h - +0 pair of gloves "Ongijy" {rElec Int-3 Dex+2}
Will    ++...                   (boots unavailable)
Stlth   ++........              T - amulet of reflection
HPRegen 0.27/turn               q - ring of protection from cold
MPRegen 0.00/turn               l - +6 ring of dexterity

@: gold aura, flying, contaminated, glowing
A: sickness immunity, fire resistance 2, cold vulnerability 1, float, innate
caster, hp casting, extra vitality 1
a: Renounce Religion, Potion Petition, Call Merchant, Bribe Branch


You were on level 6 of the Lair of Beasts.
You worshipped Gozag.
Gozag was most pleased with you.
You visited 3 branches of the dungeon, and saw 19 of its levels.
You also visited: Ossuary.

You collected 5377 gold pieces.
You spent 1244 gold pieces at shops.
You paid 1560 gold pieces to Gozag.

Inventory:

Hand Weapons
 i - the +9 short sword of Armageddon (weapon) {flame, Str+7 Int+4}
   (You bought it in a shop on level 1 of the Lair of Beasts)

   It burns those it strikes, dealing additional fire damage.
   Str:       It affects your strength (+7).
   Int:       It affects your intelligence (+4).
 t - a +3 rapier of electrocution
Armour
 h - the +0 pair of gloves "Ongijy" (worn) {rElec Int-3 Dex+2}
   (You acquired it on level 1 of the Lair of Beasts)

   Int:       It affects your intelligence (-3).
   Dex:       It affects your dexterity (+2).
   rElec:     It insulates you from electricity.
 j - a +2 robe of cold resistance
 O - the +7 ring mail "Xoriento" (worn) {rN+ Will+ Int+3}
   (You bought it in a shop on level 9 of the Dungeon)

   Int:       It affects your intelligence (+3).
   rN:        It protects you from negative energy.
   Will:      It increases your willpower.
 P - the +2 cloak "Kuucwos" (worn) {rF+ Str+5 Dex+5}
   (You bought it in a shop on level 9 of the Dungeon)

   Str:       It affects your strength (+5).
   Dex:       It affects your dexterity (+5).
   rF:        It protects you from fire.
 R - a +0 helmet of intelligence (worn)
Jewellery
 b - a ring of positive energy
 l - a +6 ring of dexterity (right hand)
 q - a ring of protection from cold (left hand)
 r - a +4 ring of protection
 u - a ring of see invisible
 w - a ring of protection from fire
 G - the ring of the Burgomaster {rF+ Int+6 Dex+2 Slay+2}
   (You found it on level 7 of the Dungeon)

   [ring of intelligence]

   Int:       It affects your intelligence (+6).
   Dex:       It affects your dexterity (+2).
   Slay:      It affects your accuracy & damage with ranged weapons and melee
   (+2).
   rF:        It protects you from fire.
 N - a ring of willpower
 T - an amulet of reflection (around neck)
 V - a ring of positive energy
 Y - the ring "Atythray" {Fire rElec}
   (You found it on level 2 of the Lair of Beasts)

   [ring of fire]

   It enhances your fire magic.
   rF:        It protects you from fire.
   rC:        It makes you vulnerable to cold.
   rElec:     It insulates you from electricity.
Wands
 D - a wand of iceblast (28)
 H - a wand of acid (25)
 I - a wand of paralysis (16)
 Q - a wand of mindburst (11)
Scrolls
 c - 3 scrolls of fear
 m - a scroll of immolation
 n - 6 scrolls of magic mapping
 p - 2 scrolls of brand weapon
 s - 2 scrolls of holy word
 v - 3 scrolls of teleportation
 x - 6 scrolls of enchant weapon
 y - a scroll of silence {unknown}
 z - a scroll of vulnerability
 A - 2 scrolls of enchant armour {unknown}
 E - a scroll of fog
 F - 2 scrolls of identify
Potions
 a - 4 potions of resistance {unknown}
 d - 4 potions of curing
 e - a potion of experience {unknown}
 f - 4 potions of lignification {unknown}
 g - 3 potions of brilliance {unknown}
 k - 5 potions of degeneration {unknown}
 o - 7 potions of might {unknown}
 B - a potion of ambrosia {unknown}
 C - a potion of attraction {unknown}
 J - a potion of heal wounds
 K - 5 potions of flight {unknown}
 L - 5 potions of haste {unknown}
 M - a potion of berserk rage
 W - a potion of cancellation
 Z - a potion of mutation


   Skills:
 * Level 9.6 Fighting
 + Level 2.4 Short Blades
 + Level 5.9 Armour
 + Level 5.2 Dodging
 + Level 5.0 Stealth
 + Level 1.8 Shields
 * Level 17.2 Spellcasting


You had 10 spell levels left.
You knew the following spells:

 Your Spells              Type           Power      Damage    Failure   Level
a - Foxfire               Conj/Fire      100%       2x1d9     0%          1
b - Scorch                Fire           100%       2d10      0%          2
c - Conjure Flame         Conj/Fire      90%        6-21      0%          3
d - Inner Flame           Hex/Fire       90%        N/A       0%          3
e - Flame Wave            Conj/Fire      90%        3d15      1%          4
f - Apportation           Tloc           100%       N/A       0%          1
g - Slow                  Hex            90%        N/A       0%          2
h - Gell's Gravitas       Tloc           45%        N/A       0%          3
i - Swiftness             Air            90%        N/A       0%          3
j - Irradiate             Conj/Tmut      45%        3d28      1%          5
k - Summon Mana Viper     Hex/Summ       90%        N/A       1%          5
l - Simulacrum            Ice/Necr       45%        N/A       1%          6
Your spell library was empty.

Dungeon Overview and Level Annotations

Branches:
Dungeon (12/15)            Temple (1/1) D:5            Lair (6/6) D:11
 Shoals (0/4) Lair:4        Snake (0/4) Lair:2        Slime (0/5) Lair:5
Ossuary (visited)
    Orc: D:9-12

Altars:
Ashenzari
Cheibriados
Dithmenos
Elyvilon
Fedhas
Gozag
Hepliaklqana
Kikubaaqudgha
Makhleb
Nemelex Xobeh
Okawaru
Qazlal
Ru
Sif Muna
Trog
Uskayaw
Vehumet
Wu Jian
Xom
Yredelemnul
Zin
The Shining One
Jiyva

Shops:
D:9 [   Lair:1 (

Annotations:
D:3 Grinder
D:12 Nessos
Lair:6 exclusion: obsidian statue


Innate Abilities, Weirdness & Mutations

You are immune to sickness and miasma.
You are immune to poison.
Your flesh is very heat resistant. (rF++)
You are vulnerable to cold. (rC-)
You float through the air rather than walking.
You learn spells naturally, not from books.
Your magical power is your life essence.
You have superior vitality. (+4 HP)


Message History

The dire elephant is almost dead.
The dire elephant twists and deforms.
You are lightly contaminated with residual magic.
* * * LOW HITPOINT WARNING * * *
The dire elephant tramples you.
* * * LOW HITPOINT WARNING * * *
You hold your ground!
The dire elephant trunk-slaps you but does no damage.
You feel much better.
The dire elephant tramples you but does no damage.
The dire elephant trunk-slaps you but does no damage.
Casting: Irradiate (safe; 1% risk of failure)
Confirm with . or Enter, or press ? or * to list all spells.
You erupt in a fountain of uncontrolled magic!
The dire elephant is blasted with magical radiation!!!
You kill the dire elephant!
You are contaminated with residual magic.
A freezing mist starts to gather...
A dire elephant simulacrum comes into view.
Casting: Irradiate (safe; 1% risk of failure)
Confirm with . or Enter, or press ? or * to list all spells.
Casting: Flame Wave (safe; 1% risk of failure)
Press: ? - help, Dir - look around, f - activate A wave of flame ripples out!
The flame wave engulfs the dire elephant simulacrum!
The dire elephant simulacrum melts!
The dire elephant simulacrum is moderately damaged. (Press . to intensify the flame waves.)
* * * LOW HITPOINT WARNING * * *
A wave of flame ripples out!
The flame wave engulfs the dire elephant simulacrum!!
The dire elephant simulacrum melts!
The dire elephant simulacrum is almost destroyed.
* * * LOW HITPOINT WARNING * * *
The dire elephant simulacrum tramples you but does no damage.
The dire elephant simulacrum trunk-slaps you.
* * * LOW HITPOINT WARNING * * *
The dire elephant simulacrum freezes you!!!
You die...
Your body crumbles into a pile of gold.

####### ##...#.#♣♣ ##P....PP.♣♣
##.........P♣ #.....#.#.....# ##
####''#''####♣♣P..# 8...
##≈≈.##8....#..8# 8♣#
)/...'≈≈≈..'$$.Z@#...#
}[...'≈≈≈≈.#8$####.#.#
8YpY8#≈≈≈≈ ####....#+# ######.≈≈
#....#### #8P8###. ###.####
8.⌠.8#####...##♣♣♣# ####
...........###....♣## ##..#
#'''########♣..##...♣####♣##.###
...............####..[........#


You could see a dire elephant simulacrum.

Vanquished Creatures
  3 dire elephants (Lair:6)
  4 hydras
  A boulder beetle (Lair:6)
  Harold (D:9)
  3 two-headed ogres
  14 death yaks
  Urug (Lair:4)
  Sonja (Lair:4)
  A spectral anaconda (Lair:6)
  A necromancer (Lair:6)
  A deep elf pyromancer (D:11)
  2 cyclopes (D:11)
  An ugly thing (D:7)
  A manticore (Lair:4)
  12 elephants
  An ice statue (Lair:4)
  A gargoyle (D:12)
  4 black mambas
  3 unseen horrors
  17 cane toads
  Psyche (D:8)
  2 kobold demonologists (D:11)
  11 komodo dragons
  5 rime drakes
  A freezing wraith (Lair:4)
  2 trolls
  5 polar bears
  A wind drake (Lair:4)
  Prince Ribbit (D:6)
  18 dream sheep
  2 hornets
  A meliai zombie (D:10)
  2 slime creatures (D:7)
  A spectral elephant (Lair:6)
  Sigmund (D:4)
  33 blink frogs
  5 shadows
  A wraith (D:11)
  4 basilisks
  54 yaks
  6 wyverns
  9 vampire mosquitoes
  Eustachio (D:4)
  5 steam dragons
  Menkaure (D:4)
  15 water moccasins
  2 hydra simulacra (Lair:2)
  3 orc warriors
  8 ice beasts
  5 sky beasts
  5 black bears
  A black mamba simulacrum (Lair:2)
  2 necrophages
  4 centaurs
  5 wolves (Lair:2)
  2 ogres
  3 phantoms
  3 kobold brigands
  15 bullfrogs
  2 cane toad simulacra (Lair:2)
  2 scorpions (D:7)
  A troll zombie (D:12)
  15 killer bees
  A water moccasin skeleton (D:6)
  An elephant simulacrum (Lair:6)
  5 wights (D:9)
  9 howler monkeys
  A bullfrog zombie (D:7)
  3 centaur zombies
  A centaur skeleton (D:4)
  A jelly (D:6)
  2 gnoll shamans
  5 orc priests
  A water moccasin simulacrum (Lair:2)
  Crazy Yiuf (D:6)
  3 hounds
  Jessica (D:3)
  3 iguanas
  8 orc wizards
  A wolf simulacrum (Lair:2)
  2 ogre zombies (D:12)
  A basilisk simulacrum (Lair:2)
  8 mummies (Ossuary)
  6 gnolls
  6 adders
  A shadow imp (D:7)
  3 white imps
  3 dart slugs
  24 orcs
  3 bats
  8 endoplasms
  5 giant cockroaches
  2 goblins
  4 hobgoblins
  6 quokkas
  5 ball pythons
  3 frilled lizards
  3 gnoll zombies (Ossuary)
  4 goblin zombies (D:12)
  2 hobgoblin skeletons (D:12)
  4 hobgoblin zombies
  A jackal skeleton (D:4)
  16 kobolds
  An orc skeleton (D:12)
  12 orc zombies
  2 rats
521 creatures vanquished.

Vanquished Creatures (collateral kills)
  The ghost of louisi3 the Frost Mage, a novice GrIE of Ru (Lair:2)
  A lindwurm (Lair:6)
  A dire elephant zombie (Lair:6)
  A cane toad (Lair:6)
  22 foxfires
26 creatures vanquished.

Vanquished Creatures (others)
  A bush (Lair:6)
  1934 foxfires
  97 fungi
  90 plants
  15 withered plants (Lair:6)
2137 creatures vanquished.

Grand Total: 2684 creatures vanquished

Notes
Turn   | Place    | Note
-------+----------+-------------------------------------------
     0 | D:1      | robertstho the Djinni Fire Elementalist began the quest for
                  | the Orb.
     0 | D:1      | Reached XP level 1. HP: 15/15 MP: 0/0
   431 | D:1      | Reached XP level 2. HP: 17/21 MP: 0/0
   982 | D:2      | Reached skill level 3 in Spellcasting
   982 | D:2      | Reached XP level 3. HP: 24/26 MP: 0/0
   982 | D:2      | Learned a level 1 spell: Apportation
  1780 | D:3      | Reached XP level 4. HP: 10/31 MP: 0/0
  2023 | D:3      | Noticed Jessica
  2029 | D:3      | Killed Jessica
  2030 | D:3      | Reached skill level 1 in Fighting
  2108 | D:3      | Noticed Grinder
  3953 | D:4      | Reached skill level 4 in Spellcasting
  3953 | D:4      | Reached XP level 5. HP: 31/37 MP: 0/0
  3953 | D:4      | Learned a level 2 spell: Slow
  4246 | D:4      | Reached XP level 6. HP: 37/42 MP: 0/0
  4687 | D:4      | Noticed Eustachio
  4694 | D:4      | Killed Eustachio
  4695 | D:4      | Reached skill level 5 in Spellcasting
  4695 | D:4      | Reached XP level 7. HP: 28/49 MP: 0/0
  4695 | D:4      | Learned a level 3 spell: Gell's Gravitas
  5085 | D:4      | Reached skill level 6 in Spellcasting
  5207 | D:4      | Noticed Menkaure
  5209 | D:4      | Killed Menkaure
  5210 | D:4      | Reached XP level 8. HP: 26/55 MP: 0/0
  5506 | D:4      | Noticed Sigmund
  5520 | D:4      | Killed Sigmund
  5949 | D:5      | Entered Level 5 of the Dungeon
  5957 | D:5      | Reached skill level 7 in Spellcasting
  6099 | D:5      | Found a staircase to the Ecumenical Temple.
  6194 | Temple   | Entered the Ecumenical Temple
  6362 | Temple   | Became a worshipper of Gozag Ym Sagoz the Greedy
  6721 | D:5      | Reached XP level 9. HP: 57/60 MP: 0/0
  6721 | D:5      | Learned a level 3 spell: Swiftness
  6917 | D:5      | Reached skill level 8 in Spellcasting
  7593 | D:6      | Found a runed translucent door.
  7594 | D:6      | Noticed Crazy Yiuf
  7823 | D:6      | Noticed Prince Ribbit
  7831 | D:6      | Killed Prince Ribbit
  7980 | D:6      | Found a hazy altar of Hepliaklqana.
  8133 | D:6      | Killed Crazy Yiuf
  8284 | D:7      | Noticed a hornet
  8288 | D:7      | Reached skill level 9 in Spellcasting
  8291 | D:7      | Killed a hornet
  8307 | D:7      | Reached XP level 10. HP: 19/67 MP: 0/0
  8334 | D:7      | Noticed a white ugly thing
  8797 | D:7      | Identified the +4 flail of Qimyibir {vorpal, rF- Dex+7}
  8797 | D:7      | Identified the ring of the Burgomaster {rF+ Int+6 Dex+2
                  | Slay+2}
  8825 | D:7      | Noticed a komodo dragon
  8833 | D:7      | Killed a komodo dragon
  8834 | D:7      | Reached skill level 10 in Spellcasting
  9750 | D:7      | Killed a white ugly thing
 10193 | D:8      | Found a sand-covered staircase.
 10202 | Ossuary  | Entered an ossuary
 10335 | Ossuary  | Reached skill level 5 in Fighting
 10629 | D:8      | Reached skill level 11 in Spellcasting
 10632 | D:8      | Reached XP level 11. HP: 51/75 MP: 0/0
 10632 | D:8      | Learned a level 5 spell: Irradiate
 11597 | D:8      | Noticed Psyche
 11602 | D:8      | Killed Psyche
 12269 | D:9      | Reached skill level 12 in Spellcasting
 12388 | D:9      | Noticed Harold
 12394 | D:9      | Killed Harold
 12944 | D:9      | Found a hide-covered altar of Uskayaw.
 13432 | D:9      | Found a burning altar of Makhleb.
 13623 | D:9      | Noticed a two-headed ogre
 13636 | D:9      | Killed a two-headed ogre
 13838 | D:9      | Bought a transparent ring mail for 261 gold pieces
 13838 | D:9      | Identified the +7 ring mail "Xoriento" {rN+ Will+ Int+3}
                  | (You bought it in a shop on level 9 of the Dungeon)
 13838 | D:9      | Bought a jewelled cloak for 275 gold pieces
 13838 | D:9      | Identified the +2 cloak "Kuucwos" {rF+ Str+5 Dex+5} (You
                  | bought it in a shop on level 9 of the Dungeon)
 13838 | D:9      | Bought a pair of pitted gloves for 275 gold pieces
 13838 | D:9      | Identified the -4 pair of gloves "Weyps" {Int+2} (You
                  | bought it in a shop on level 9 of the Dungeon)
 13838 | D:9      | Bought a glowing helmet for 217 gold pieces
 13887 | D:10     | Entered Level 10 of the Dungeon
 13900 | D:10     | Reached XP level 12. HP: 75/83 MP: 0/0
 14884 | D:11     | Reached skill level 13 in Spellcasting
 15425 | D:11     | Found a staircase to the Lair.
 15781 | D:11     | Noticed a two-headed ogre
 15789 | D:11     | Killed a two-headed ogre
 15790 | D:11     | Reached skill level 1 in Armour
 16015 | D:11     | Noticed a two-headed ogre
 16020 | D:11     | Killed a two-headed ogre
 16434 | D:12     | Noticed Nessos
 17022 | Lair:1   | Entered Level 1 of the Lair of Beasts
 17064 | Lair:1   | Reached XP level 13. HP: 81/90 MP: 0/0
 17064 | Lair:1   | Learned a level 5 spell: Summon Mana Viper
 17250 | Lair:1   | Reached skill level 14 in Spellcasting
 18538 | Lair:2   | Found a runed translucent gate.
 18538 | Lair:2   | Found a runed translucent gate.
 18538 | Lair:2   | Found a runed translucent gate.
 18573 | Lair:2   | Reached skill level 1 in Short Blades
 18718 | Lair:2   | Found a staircase to the Snake Pit.
 18773 | Lair:2   | Noticed louisi3's ghost (novice GrIE)
 18774 | Lair:2   | Noticed an ice dragon
 19015 | Lair:2   | Noticed a six-headed hydra
 19022 | Lair:2   | Killed a six-headed hydra
 19929 | Lair:2   | Killed louisi3's ghost
 19986 | Lair:2   | Got the ring "Atythray" {Fire rElec}
 20341 | Lair:3   | Identified the +7 halberd of Insomnia {elec, *Rage rElec
                  | Will+ Int-2}
 20690 | Lair:3   | You are sucked into a shaft and drop 3 floors!
 20690 | Lair:6   | Entered Level 6 of the Lair of Beasts
 20878 | Lair:6   | Reached skill level 5 in Stealth
 20883 | Lair:6   | Noticed an eight-headed hydra
 20890 | Lair:6   | Reached skill level 1 in Shields
 20892 | Lair:6   | Killed an eight-headed hydra
 20893 | Lair:6   | Reached XP level 14. HP: 32/98 MP: 0/0
 20904 | Lair:6   | Identified a scroll of acquirement
 21113 | Lair:6   | Reached skill level 5 in Armour
 21324 | Lair:6   | Reached skill level 15 in Spellcasting
 22573 | Lair:4   | Reached skill level 5 in Dodging
 23209 | Lair:3   | Reached skill level 16 in Spellcasting
 23916 | Lair:1   | Acquired the +0 pair of gloves "Ongijy" {rElec Int-3 Dex+2}
 23939 | Lair:1   | Bought a pitted short sword for 216 gold pieces
 23939 | Lair:1   | Identified the +9 short sword of Armageddon {flame, Str+7
                  | Int+4} (You bought it in a shop on level 1 of the Lair of
                  | Beasts)
 24006 | Lair:4   | Reached XP level 15. HP: 94/104 MP: 0/0
 24006 | Lair:4   | Learned a level 6 spell: Simulacrum
 24271 | Lair:4   | Found a staircase to the Shoals.
 24381 | Lair:4   | Noticed Sonja
 24386 | Lair:4   | Killed Sonja
 24710 | Lair:4   | Noticed Urug
 24728 | Lair:4   | Killed Urug
 24729 | Lair:4   | Identified the +6 spear of Ekiliqom {flame, *Slow Str+7}
 24745 | Lair:4   | Identified the +4 hand crossbow "Rois" {freeze, Will+
                  | Stlth+}
 26292 | Lair:5   | Found a staircase to the Slime Pits.
 26293 | Lair:5   | Found a viscous altar of Jiyva.
 27402 | Lair:6   | Reached skill level 17 in Spellcasting
 27846 | Lair:6   | Identified the +7 glaive of Kidghuz {flame, rPois rC+ Str+5
                  | Dex-4}
 28036 | Lair:6   | Mangled by a dire elephant simulacrum

Illustrated notes

Levels and vault maps discovered:
D:1:      minmay_arrival_four_houses, layout_basic
D:2:      layout_basic, grunt_decor_cap
D:3:      layout_basic, uniq_grinder, uniq_jessica
D:4:      layout_gridville, minmay_bent, uniq_eustachio, uniq_sigmund,
          uniq_menkaure
D:5:      layout_gridville, minmay_temple_entry_glass
D:6:      layout_basic, mainiacjoe_overflow_small_starburst,
          gammafunk_temple_overflow_wave, uniq_crazy_yiuf_cottage,
          uniq_prince_ribbit1
D:7:      minmay_the_grid_octo_triangle [minmay_the_grid_octo_clover_2,
          minmay_the_grid_octo_prize_square_snowflake,
          minmay_the_grid_octo_pinwheel], layout_basic, grunt_ministairs_11
D:8:      layout_loops_cross, lemuel_crystal_altar,
          lightli_ossuary_entry_decrepit_ruins, hangedman_misty_isle,
          uniq_psyche
D:9:      cheibrodos_steamvent, layout_loops_ring, kennysheep_mini,
          lemuel_coloured_pillars_altar, minmay_crystal_room, uniq_harold
D:10:     layout_long_grid, nrook_uturn
D:11:     layout_gridville, lair_entry_dummy
D:12:     layout_cave_pools, zombieorc2_lemuel, lightli_bailey_entry_fortress,
          uniq_nessos
Temple:   nicolae_temple_elliptical
Lair:1:   layout_cave_pods, beast_lair_carwin_2
Lair:2:   layout_cave_pods, dummy_snake_entry, gammafunk_ghost_icy
Lair:3:   layout_regular_city, beast_lair_carwin_5, infiniplex_staircase_pool_2,
          serial_bayou_shore_b, serial_bayou_shore_b, grunt_megastairs_5
Lair:4:   layout_regular_city, minmay_shoals_entry_beasts, st_stairs_6,
          ice2_lemuel, grunt_megastairs_3, uniq_sonja, uniq_urug
Lair:5:   layout_hall_layers, slime_altar_1, beast_lair_carwin_8
Lair:6:   due_jungle_book, layout_long_grid

Skill      XL: |  1  2  3  4  5  6  7  8  9 10 11 12 13 14 15 |
---------------+----------------------------------------------+-----
Spellcasting   | 3 4 5 6 7 9 11 12 13 14 16 17 | 17.2
Fighting       | 1 2 3 4 5 6 7 8 9 |  9.6
Stealth        | 2 3 4 5 |  5.0
Dodging        | 3 4 5 |  5.2
Armour         | 2 4 5 |  5.9
Short Blades   | 2 |  2.4
Shields        | 1 |  1.8

Action                   |  1- 3 |  4- 6 |  7- 9 | 10-12 | 13-15 || total
-------------------------+-------+-------+-------+-------+-------++-------
Melee: Unarmed           |     2 |     1 |       |       |       ||     3
       Rapier            |       |       |       |     3 |    24 ||    27
       Short sword       |       |       |       |       |     6 ||     6
 Cast: Foxfire           |    65 |   120 |   159 |   252 |   520 ||  1116
       Scorch            |       |    10 |    27 |    40 |    24 ||   101
       Flame Wave        |       |     1 |     3 |    65 |   109 ||   178
       Slow              |       |       |       |     1 |       ||     1
       Irradiate         |       |       |       |     3 |    12 ||    15
       Gell's Gravitas   |       |       |       |     2 |       ||     2
       Swiftness         |       |       |       |     1 |     2 ||     3
       Summon Mana Viper |       |       |       |       |    14 ||    14
Invok: Call Merchant     |       |       |       |     1 |     1 ||     2
  Use: Scroll            |       |       |     3 |     6 |    14 ||    23
       Potion            |       |       |     1 |     3 |     2 ||     6
 Stab: Sleeping          |       |       |       |       |     6 ||     6
Armor: Robe              |     2 |     6 |     1 |     8 |       ||    17
       Ring mail         |       |       |       |    47 |    90 ||   137
Dodge: Dodged            |     4 |     8 |    14 |    53 |   134 ||   213
Block: Other             |       |       |       |       |    40 ||    40

Table legend: (Time is in decaauts)
 A = Elapsed time spent in this place.
 B = Non-inter-level travel time spent in this place.
 C = Inter-level travel time spent in this place.
 D = Time resting spent in this place.
 E = Time spent auto-exploring this place.
 F = Levels seen in this place.
 G = Mean time per level.
                   A        B        C        D        E       F      G
               +--------+--------+--------+--------+--------+-----+--------+
         Total |  28029 |  27117 |    912 |   3003 |  20851 |  20 | 1401.4 |
       Dungeon |  16433 |  15791 |    642 |   1891 |  12188 |  12 | 1369.4 |
        Temple |    177 |    148 |     29 |      0 |    134 |   1 |  177.0 |
          Lair |  11012 |  10772 |    240 |   1112 |   8207 |   6 | 1835.3 |
       Ossuary |    405 |    405 |      0 |      0 |    322 |   1 |  405.0 |
               +--------+--------+--------+--------+--------+-----+--------+

Top non-repeatable levels by time:
  Lair:4: 2336 daAuts
  Lair:6: 2272 daAuts
     D:4: 2066 daAuts
  Lair:3: 1866 daAuts
    D:11: 1864 daAuts
     D:9: 1808 daAuts
  Lair:2: 1647 daAuts
     D:3: 1528 daAuts
     D:8: 1496 daAuts
     D:7: 1463 daAuts
     D:6: 1448 daAuts
     D:2: 1448 daAuts
  Lair:1: 1447 daAuts
  Lair:5: 1443 daAuts
    D:10: 1179 daAuts
